 Dungeon Crawl Stone Soup version 0.30.1-4-g462c640d31 (webtiles) character file.

Game seed: 12524489645916176110

427 rvierbuc the Fighter (level 6, -1/61 HPs)
             Began as a Gnoll Wanderer on Aug 21, 2023.
             Was an Initiate of Okawaru.
             Slain by a jelly (2 damage)
             ... on level 5 of the Dungeon.
             The game lasted 00:23:19 (4203 turns).

rvierbuc the Fighter (Gnoll Wanderer)               Turns: 4203, Time: 00:23:19

Health: -1/61      AC: -4    Str: 12    XL:     6   Next: 97%
Magic:  9/9        EV:  3    Int:  9    God:    Okawaru [......]
Gold:   213        SH:  5    Dex: 15    Spells: 9/9 levels left

rFire   . . .        b - +6 dagger
rCold   . . .        d - +0 buckler
rNeg    . . .        h - +0 plate armour
rPois   .            (no helmet)
rElec   .            (no cloak)
rCorr   .            (no gloves)
SInv    +            (no boots)
Will    .....        (no amulet)
Stlth   x              - ring of see invisible
HPRegen 0.30/turn    I - ring of flight
MPRegen 0.11/turn

%: no passive effects
@: corroded, flying
A: fangs 1, strong nose, distributed training
a: Renounce Religion


You were on level 5 of the Dungeon.
You worshipped Okawaru.
Okawaru was noncommittal.
You visited 2 branches of the dungeon, and saw 6 of its levels.

You collected 213 gold pieces.

Inventory:

Hand Weapons
 a - a +0 dagger
 b - a +6 dagger (weapon)
 i - a +0 whip
 w - a +1 short sword of draining
 C - a +0 hand axe of electrocution
 E - a +0 falchion
 H - a +3 mace
Missiles
 o - 2 silver javelins (quivered)
 q - 6 datura-tipped darts
 u - 13 poisoned darts
 D - 6 curare-tipped darts
Armour
 d - a +0 buckler (worn)
 f - a +0 leather armour
 h - a +0 plate armour (worn)
 v - a scarf of harm
Magical Staves
 G - a staff of poison
Jewellery
 x - a ring of see invisible (left hand)
 I - a ring of flight (right hand)
Scrolls
 e - 3 scrolls of fog
 g - a scroll of fear
 k - 3 scrolls of immolation
 l - a scroll of enchant weapon {unknown}
 n - a scroll of amnesia {unknown}
 r - a scroll of teleportation {unknown}
 s - a scroll of vulnerability
 y - 3 scrolls of blinking {unknown}
 z - 2 scrolls of identify {unknown}
 A - 2 scrolls of noise {unknown}
 B - a scroll of magic mapping {unknown}
Potions
 c - 5 potions of curing
 j - 2 potions of lignification {unknown}
 m - 3 potions of haste {unknown}
 p - 2 potions of brilliance {unknown}
 t - a potion of mutation {unknown}
 F - a potion of attraction {unknown}


   Skills:
 + Level 10.7 Fighting
 + Level 2.2 Short Blades
 + Level 2.2 Long Blades
 + Level 2.2 Axes
 + Level 2.2 Maces & Flails
 + Level 2.2 Polearms
 + Level 2.2 Staves
 + Level 2.2 Ranged Weapons
 + Level 2.2 Throwing
 + Level 3.4 Armour
 + Level 2.2 Dodging
 + Level 2.2 Stealth
 + Level 5.1 Shields
 + Level 5.1 Unarmed Combat
 + Level 2.2 Spellcasting
 + Level 1.8 Conjurations
 + Level 1.8 Hexes
 + Level 1.8 Summonings
 + Level 1.8 Necromancy
 + Level 1.8 Translocations
 + Level 1.8 Transmutations
 + Level 1.8 Fire Magic
 + Level 1.8 Ice Magic
 + Level 1.8 Air Magic
 + Level 1.8 Earth Magic
 + Level 1.8 Poison Magic
 + Level 2.5 Invocations
 + Level 2.2 Evocations


You had 9 spell levels left.
You didn't know any spells.
Your spell library contained the following spells:

 Spells                   Type           Power      Damage    Failure   Level
 Apportation              Tloc           8%         N/A       100%        1
 Beastly Appendage        Tmut           8%         N/A       100%        1
 Magic Dart               Conj           16%        1d3       100%        1
 Necrotise                Necr           16%        1d4       100%        1
 Blink                    Tloc           8%         N/A       100%        2
 Lesser Beckoning         Tloc           8%         N/A       100%        2
 Passwall                 Tmut/Erth      3%         N/A       100%        2
 Wereblood                Tmut           4%         N/A       100%        2
 Gell's Gravitas          Tloc           4%         N/A       100%        3
 Mephitic Cloud           Conj/Pois/Air  4%         N/A       100%        3
 Spider Form              Tmut/Pois      4%         N/A       100%        3
 Teleport Other           Tloc           4%         N/A       100%        3
 Manifold Assault         Tloc           4%         N/A       100%        4
 Petrify                  Tmut/Erth      4%         N/A       100%        4
 Alistair's Intoxication  Tmut/Pois      2%         N/A       100%        5
 Yara's Violent Unravell  Hex/Tmut       2%         3d3       100%        5
 Storm Form               Tmut/Air       2%         N/A       100%        7
 Shatter                  Erth           2%         3d6*      100%        9
 Summon Small Mammal      Summ           Unusable   N/A       N/A         1
 Call Imp                 Summ           Unusable   N/A       N/A         2

Dungeon Overview and Level Annotations

Branches:
Dungeon (5/15)             Temple (1/1) D:5

Altars:
Ashenzari
Cheibriados
Dithmenos
Elyvilon
Fedhas
Gozag
Hepliaklqana
Kikubaaqudgha
Makhleb
Nemelex Xobeh
Okawaru
Qazlal
Ru
Sif Muna
Uskayaw
Wu Jian
Xom
Yredelemnul
Zin
The Shining One


Innate Abilities, Weirdness & Mutations

You have very sharp teeth.
Your uncanny sense of smell can sniff out nearby items.
Your experience applies equally to all skills.


Message History

You kill the dart slug!
Okawaru accepts your kill.
A jelly comes into view.
Found a scroll of immolation.
You hit the jelly.
Your hands burn!
The jelly is moderately wounded.
The jelly hits you but does no damage.
You hit the jelly. The acid corrodes you!
Your hands burn!
The jelly is moderately wounded.
You hit the jelly. The acid corrodes you!
Your hands burn!
You bite the jelly, but do no damage.
The jelly is heavily wounded.
The jelly hits you.
You are splashed with acid.
You hit the jelly but do no damage.
Your hands burn!
The jelly is heavily wounded.
You block the jelly's attack.
You hit the jelly. The acid corrodes you!
Your hands burn!
You bite the jelly, but do no damage.
The jelly is heavily wounded.
The jelly barely misses you.
You hit the jelly but do no damage.
Your hands burn!
The jelly is heavily wounded.
The jelly hits you. The acid corrodes you!
You are splashed with acid!
You hit the jelly but do no damage.
Your hands burn!
The jelly is heavily wounded.
The jelly hits you.
You are splashed with acid!
* * * LOW HITPOINT WARNING * * *
You hit the jelly but do no damage.
Your hands burn!
* * * LOW HITPOINT WARNING * * *
The jelly is heavily wounded.
The jelly hits you.
* * * LOW HITPOINT WARNING * * *
You are splashed with acid!
* * * LOW HITPOINT WARNING * * *
You feel better. The jelly hits you.
* * * LOW HITPOINT WARNING * * *
The acid corrodes you!
You are splashed with acid!
* * * LOW HITPOINT WARNING * * *
The jelly hits you.
You die...

..≈≈..
♣.≈≈.♣ .
###.≈≈.#
#?###...≈≈.#
.....#≈≈.#
...#≈≈.#
#.#≈≈J#
#...@.#
#.##### #.#
#.# #.# #.#
#.# #.# #.#


You could see a jelly.

Vanquished Creatures
  A black bear (D:4)
  An ogre (D:4)
  A hound (D:3)
  A sleepcap (D:4)
  9 adders
  A shadow imp (D:4)
  2 worms (D:2)
  5 dart slugs
  An orc (D:3)
  8 endoplasms
  3 giant cockroaches
  7 hobgoblins
  4 jackals (D:3)
  11 kobolds
  5 quokkas
  12 ball pythons
  2 bats
  5 frilled lizards
  7 goblins
  10 rats
96 creatures vanquished.

Notes
Turn   | Place    | Note
-------+----------+-------------------------------------------
     0 | D:1      | Reached skill level 10 in Fighting
     0 | D:1      | rvierbuc the Gnoll Wanderer began the quest for the Orb.
     0 | D:1      | rvierbuc set off with the following items: a +0 dagger, a
                  | potion of berserk rage, a potion of curing, a +0 buckler, a
                  | scroll of fog, a +0 leather armour, a scroll of fear.
     0 | D:1      | Reached XP level 1. HP: 29/29 MP: 1/1
   104 | D:1      | Reached XP level 2. HP: 34/36 MP: 2/2
   180 | D:1      | Got the Compilation of the Shapeshifter and the Quarry
   485 | D:1      | Reached XP level 3. HP: 42/42 MP: 3/3
  1017 | D:2      | Reached skill level 1 in Invocations
  1170 | D:2      | Reached skill level 1 in Short Blades
  1170 | D:2      | Reached skill level 1 in Long Blades
  1170 | D:2      | Reached skill level 1 in Axes
  1170 | D:2      | Reached skill level 1 in Maces & Flails
  1170 | D:2      | Reached skill level 1 in Polearms
  1170 | D:2      | Reached skill level 1 in Staves
  1170 | D:2      | Reached skill level 1 in Ranged Weapons
  1170 | D:2      | Reached skill level 1 in Throwing
  1170 | D:2      | Reached skill level 1 in Dodging
  1170 | D:2      | Reached skill level 1 in Stealth
  1170 | D:2      | Reached skill level 1 in Spellcasting
  1170 | D:2      | Reached skill level 1 in Evocations
  1506 | D:2      | Reached XP level 4. HP: 48/48 MP: 5/5
  1695 | D:2      | Reached skill level 1 in Conjurations
  1695 | D:2      | Reached skill level 1 in Hexes
  1695 | D:2      | Reached skill level 1 in Summonings
  1695 | D:2      | Reached skill level 1 in Necromancy
  1695 | D:2      | Reached skill level 1 in Translocations
  1695 | D:2      | Reached skill level 1 in Transmutations
  1695 | D:2      | Reached skill level 1 in Fire Magic
  1695 | D:2      | Reached skill level 1 in Ice Magic
  1695 | D:2      | Reached skill level 1 in Air Magic
  1695 | D:2      | Reached skill level 1 in Earth Magic
  1695 | D:2      | Reached skill level 1 in Poison Magic
  2020 | D:3      | Found a broken altar of Ashenzari.
  2232 | D:3      | Found an ancient bone altar of Kikubaaqudgha.
  2274 | D:3      | Reached XP level 5. HP: 44/54 MP: 7/7
  3147 | D:4      | Noticed an ogre
  3224 | D:4      | Killed an ogre
  3225 | D:4      | Reached skill level 5 in Shields
  3225 | D:4      | Reached skill level 5 in Unarmed Combat
  3225 | D:4      | Reached XP level 6. HP: 35/61 MP: 7/9
  3363 | D:4      | Noticed a black bear
  3381 | D:4      | Killed a black bear
  3585 | D:4      | Found a basalt altar of Yredelemnul.
  3946 | D:5      | Entered Level 5 of the Dungeon
  3988 | D:5      | Found a staircase to the Ecumenical Temple.
  3994 | Temple   | Entered the Ecumenical Temple
  4121 | Temple   | Became a worshipper of Warmaster Okawaru
  4202 | D:5      | HP: 1/61 [acid (10)]
  4203 | D:5      | Slain by a jelly

Illustrated notes

Levels and vault maps discovered:
D:1:      lightli_arrival_quake, layout_basic, corexii_corridor_pit,
          serial_park_tiny_1
D:2:      layout_basic, interstate_on_off, minmay_heptomino_h4
D:3:      layout_basic, nicolae_ashenzari_skybound,
          mainiacjoe_overflow_concentric_impassable, minmay_unequal
D:4:      layout_cave_pools, mainiacjoe_overflow_six_doors_small,
          dreamdust_princess_bridge
D:5:      layout_basic, minmay_temple_entry_fiery, nicolae_wooded_promenade
Temple:   minmay_temple_bridge_d

Skill      XL: |  1  2  3  4  5 |
---------------+----------------+-----
Fighting       | | 10.7
Invocations    | 1 2 |  2.5
Short Blades   | 1 2 |  2.2
Long Blades    | 1 2 |  2.2
Axes           | 1 2 |  2.2
Maces & Flails | 1 2 |  2.2
Polearms       | 1 2 |  2.2
Staves         | 1 2 |  2.2
Ranged Weapons | 1 2 |  2.2
Throwing       | 1 2 |  2.2
Dodging        | 1 2 |  2.2
Stealth        | 1 2 |  2.2
Spellcasting   | 1 2 |  2.2
Evocations     | 1 2 |  2.2
Conjurations   | 1 |  1.8
Hexes          | 1 |  1.8
Summonings     | 1 |  1.8
Necromancy     | 1 |  1.8
Translocations | 1 |  1.8
Transmutations | 1 |  1.8
Fire Magic     | 1 |  1.8
Ice Magic      | 1 |  1.8
Air Magic      | 1 |  1.8
Earth Magic    | 1 |  1.8
Poison Magic   | 1 |  1.8
Armour         | 3 |  3.4
Shields        | 5 |  5.1
Unarmed Combat | 5 |  5.1

Action                     |  1- 3 |  4- 6 || total
---------------------------+-------+-------++-------
  Melee: Dagger            |    22 |    44 ||    66
         Whip              |   126 |   239 ||   365
         Bite              |     7 |    37 ||    44
  Throw: Dart              |     6 |       ||     6
         Javelin           |     2 |       ||     2
    Use: Scroll            |     2 |       ||     2
         Potion            |       |     2 ||     2
 Armour: Plate armour      |   104 |   228 ||   332
  Dodge: Dodged            |     4 |    34 ||    38
  Block: Buckler           |    36 |    73 ||   109
